AoeStats
← RHT.patriotaSJ

Oasis

509781088Analyzed
4v4 RM · 4d ago on Sep 28, 2026· 45m 14s· 8 players
Game mode
Random Map
Map size
Large (8 player)
Population
200
Speed
Normal
Resources
Standard
Victory
Conquest
Starting age
Dark Age
Ending age
Imperial Age
RankedLock teamsTeams togetherTeam positionsShared explorationLock speedFull tech treeHidden civsTurbo modeCheats
Victory
Defeat
🇺🇸 Huns · United States
1082
+14
🇺🇸 Danes · United States
1056
+15
🇧🇷 Saracens · Brazil
1033
+16
🇵🇪 Franks · Peru
1030
+16
🇦🇷 Italians · Argentina
1121
-20
🇦🇷 Burgundians · Argentina
1012
-14
🇦🇷 Vietnamese · Argentina
1009
-14
🇦🇷 Persians · Argentina
972
-13
Brazy_Boy4
0:45 Loom
12:55 Feudal Age
13:55 Double-Bit Axe
21:27 Castle Age
20:24 Horse Collar
21:16 Gold Mining
21:45 Elite Skirmisher
23:07 Bow Saw
23:37 Wheelbarrow
26:52 Stone Mining
27:33 Hand Cart
28:06 Squires
27:53 Gambesons
30:50 Stone Shaft Mining
35:55 Imperial Age
33:48 Forging
33:39 Scale Mail Armor
33:30 Fletching
33:40 Padded Archer Armor
34:40 Ballistics
36:24 Heavy Plow
36:38 Thumb Ring
37:10 Iron Casting
36:50 Chain Mail Armor
36:31 Bodkin Arrow
36:51 Leather Archer Armor
36:44 Arson
36:31 Hamask
37:33 Conscription
37:08 Town Watch
39:21 Chemistry
38:44 Elite Jomsviking
40:12 Caravan
41:02 Gold Shaft Mining
42:05 Blast Furnace
41:35 Plate Mail Armor
42:51 Bracer
43:22 Ring Archer Armor
NY-judyelpesao
0:29 Loom
12:45 Feudal Age
20:58 Castle Age
31:41 Wheelbarrow
31:06 Double-Bit Axe
32:38 Fletching
32:51 Padded Archer Armor
35:38 Leather Archer Armor
35:20 Bodkin Arrow
35:36 Forging
35:33 Pikeman
46:18 Imperial Age
44:04 Hand Cart
45:32 Husbandry
45:44 Bloodlines
Renannve
9:39 Loom
11:25 Feudal Age
13:39 Wheelbarrow
15:49 Castle Age
14:18 Horse Collar
14:29 Double-Bit Axe
17:54 Bow Saw
22:23 Gold Mining
32:18 Imperial Age
30:37 Husbandry
29:58 Light Cavalry
30:49 Bloodlines
30:50 Forging
30:46 Scale Barding Armor
34:08 Chemistry
32:37 Hussar
34:08 Gold Shaft Mining
33:55 Chain Barding Armor
34:11 Iron Casting
33:48 Heavy Plow
33:41 Stone Mining
34:06 Fortified Wall
33:33 Heavy Camel Rider
36:01 Plate Barding Armor
37:10 Conscription
42:07 Elite Mameluke
Yosef_
4:52 Loom
10:21 Feudal Age
13:33 Double-Bit Axe
16:55 Forging
16:51 Scale Barding Armor
21:20 Castle Age
24:42 Iron Casting
25:02 Scale Barding Armor
33:08 Chain Barding Armor
36:04 Gold Mining
41:36 Wheelbarrow
41:29 Husbandry
47:53 Imperial Age
RHT.El sanjuaniño
5:10 Loom
12:42 Feudal Age
13:22 Horse Collar
13:40 Double-Bit Axe
16:31 Wheelbarrow
16:37 Wheelbarrow
19:57 Castle Age
21:12 Bow Saw
20:52 Pikeman
22:20 Gold Mining
22:22 Stone Mining
23:14 Fletching
27:00 Hand Cart
26:33 Town Watch
27:09 Bloodlines
27:02 Husbandry
30:23 Scale Barding Armor
30:29 Forging
30:56 Pikeman
35:04 Iron Casting
34:50 Chain Barding Armor
36:04 Bodkin Arrow
36:51 Town Patrol
37:15 Ballistics
36:51 Murder Holes
41:03 Imperial Age
40:53 Masonry
41:04 Ballistics
40:46 Cavalier
42:28 Blast Furnace
43:20 Plate Barding Armor
44:45 Halberdier
45:26 Squires
RHT.H1r4m ∴
8:37 Loom
12:04 Feudal Age
11:37 Double-Bit Axe
21:14 Castle Age
19:51 Wheelbarrow
19:04 Horse Collar
21:10 Scale Barding Armor
21:16 Forging
22:37 Husbandry
23:13 Gold Mining
26:04 Iron Casting
28:38 Chain Barding Armor
30:29 Gold Shaft Mining
33:51 Stone Mining
34:08 Heavy Plow
34:03 Cavalier
37:54 Elite Skirmisher
42:23 Stone Shaft Mining
44:00 Fletching
44:10 Padded Archer Armor
RHT.Not_Zorrito
7:25 Loom
7:35 Loom
10:19 Feudal Age
10:46 Double-Bit Axe
13:28 Fletching
25:41 Castle Age
24:17 Wheelbarrow
24:53 Padded Archer Armor
25:44 Crossbowman
26:23 Bodkin Arrow
27:37 Thumb Ring
34:17 Ballistics
39:25 Hand Cart
39:46 Leather Archer Armor
41:36 Horse Collar
RHT.patriotaSJ
1:22 Loom
16:46 Feudal Age
17:14 Double-Bit Axe
18:06 Horse Collar
19:38 Town Watch
23:18 Fletching
24:27 Padded Archer Armor
24:38 Forging
25:50 Gold Mining
26:42 Stone Mining
29:13 Castle Age
28:49 Wheelbarrow
29:16 Elite Skirmisher
30:16 Leather Archer Armor
31:23 Bow Saw
31:36 Hand Cart
31:31 Heavy Plow
32:40 Town Patrol
34:37 Thumb Ring
34:43 Murder Holes
35:41 Bodkin Arrow
39:08 Imperial Age
38:24 Stone Shaft Mining
39:40 Caravan
40:10 Coinage
40:52 Chemistry
Connection lost

Rejoining the realm…

Still unreachable

The connection could not be restored.

Session expired

The server has moved on; the page needs a fresh start.